 Dungeon Crawl Stone Soup version 0.27-a0-522-g46bbb28828 (webtiles) character file.

Game seed: 545303534333859048

91 kae the Skirmisher (level 4, -2/41 HPs)
             Began as a Hill Orc Fighter on Mar 5, 2021.
             Slain by Sigmund
             ... wielding a +0 scythe
              (12 damage)
             ... on level 2 of the Dungeon.
             The game lasted 00:00:59 (1317 turns).

kae the Skirmisher (Hill Orc Fighter)               Turns: 1317, Time: 00:01:00

Health: -2/41      AC:  7    Str: 19    XL:     4   Next: 59%
Magic:  4/4        EV:  7    Int:  8    God:
Gold:   82         SH:  0    Dex: 10    Spells: 3/3 levels left

rFire    . . .     SeeInvis .   a - +0 war axe
rCold    . . .     Faith    .   c - +0 kite shield
rNeg     . . .     Spirit   .   b - +0 scale mail
rPois    .         Reflect  .   (no helmet)
rElec    .         Harm     .   (no cloak)
rCorr    .         Rampage  .   (no gloves)
Will     .....                  (no boots)
Stlth    ..........             (no amulet)
HPRegen  0.13/turn              (no ring)
MPRegen  0.09/turn              (no ring)

@: confused
A: no striking features
a: no special abilities


You were on level 2 of the Dungeon.
You visited 1 branch of the dungeon, and saw 2 of its levels.

You collected 82 gold pieces.

Inventory:

Hand Weapons
 a - a +0 war axe (weapon)
Armour
 b - a +0 scale mail (worn)
 c - a +0 kite shield (worn)
Scrolls
 e - a scroll of blinking {unknown}
Potions
 d - a potion of might
 f - a potion of degeneration {unknown}
 g - 2 potions of curing


   Skills:
 + Level 4.4 Fighting
 + Level 4.0 Axes
 + Level 4.0 Armour
 + Level 4.0 Shields


You had 3 spell levels left.
You didn't know any spells.
Your spell library was empty.

Dungeon Overview and Level Annotations

Branches:
Dungeon (2/15)

Altars:

Annotations:
D:2 Sigmund


Message History

There are monsters nearby!
You hit the leopard gecko.
You kill the leopard gecko!
Something hits you.
Found 11 gold pieces.
There are monsters nearby!
You hear some strange, mumbled words.
A magic dart appears from out of thin air!
The magic dart hits you.
You barely miss something. Something hits you!
You are too injured to fight recklessly!
You are too injured to fight recklessly!
You are too injured to fight recklessly!
You are too injured to fight recklessly!
You are too injured to fight recklessly!
You are too injured to fight recklessly!
You are too injured to fight recklessly!
You are too injured to fight recklessly!
You hear some strange, mumbled words.
A puff of flame appears from out of thin air!
The puff of flame hits you but does no damage.
You hear some strange, mumbled words.
Something tries to affect you, but you resist.
There is a stone staircase leading down here.
You are confused.
You hear some strange, mumbled words.
You are more confused.
You bump into the rock wall.
The rat bites you.
You hear some strange, mumbled words.
Something tries to affect you, but you resist.
You bump into the rock wall.
The rat bites you but does no damage. Something hits you!
You completely miss the rat. The rat bites you but does no damage.
Something hits you.
* * * LOW HITPOINT WARNING * * *
The rat bites you.
* * * LOW HITPOINT WARNING * * *
You bump into the rock wall.
Something hits you!
You die...

######.##### #..# ..#
#.# .....#..#####..
#.## #.....#......##.#
#..##
#<....##.###.##..
##†[# #.....##.# #.#
#. ##.#
#.....##.###)###.
#.####.........)......
#..##......####.#.####
##..#@.>...# #.#..# #
##.#r.....# #.##.# #
#.#.r....# #.# .# #
#.#.###### #.# .# #
#.w.# #.# .# # ##..##
#.# ..## #..># ..
#.#.## . #.#..# .


You could see a worm and 2 rats.

Vanquished Creatures
  An adder (D:2)
  An ooze (D:1)
  3 dart slugs
  6 leopard geckos
  7 bats
  2 giant cockroaches (D:1)
  8 goblins
  9 hobgoblins
  4 jackals (D:1)
  8 kobolds
  2 quokkas (D:2)
  5 frilled lizards
  3 rats
59 creatures vanquished.

Notes
Turn   | Place    | Note
-------+----------+-------------------------------------------
     0 | D:1      | kae the Hill Orc Fighter began the quest for the Orb.
     0 | D:1      | Reached XP level 1. HP: 19/19 MP: 1/1
    97 | D:1      | Reached XP level 2. HP: 27/27 MP: 2/2
   338 | D:1      | Reached XP level 3. HP: 33/33 MP: 3/3
   923 | D:2      | Reached XP level 4. HP: 40/40 MP: 4/4
  1294 | D:2      | Noticed Sigmund
  1317 | D:2      | Slain by Sigmund

Illustrated notes

Levels and vault maps discovered:
D:1:      zaba_arrival_water, layout_loops_ring
D:2:      layout_rooms, uniq_sigmund

Skill      XL: |  1  2  3  4 |
---------------+-------------+-----
Axes           | 3 4 |  4.0
Fighting       | 4 |  4.4
Shields        | 4 |  4.0
Armour         | 4 |  4.0

Action                   |  1- 3 |  4- 6 || total
-------------------------+-------+-------++-------
Melee: War axe           |   112 |    56 ||   168
  Use: Scroll            |     2 |       ||     2
       Potion            |     2 |       ||     2
Armor: Scale mail        |    54 |    25 ||    79
       Skin              |    12 |       ||    12
Dodge: Dodged            |    29 |    28 ||    57
Block: Kite shield       |    55 |    32 ||    87

Table legend: (Time is in decaauts)
 A = Elapsed time spent in this place.
 B = Non-inter-level travel time spent in this place.
 C = Inter-level travel time spent in this place.
 D = Time resting spent in this place.
 E = Time spent auto-exploring this place.
 F = Levels seen in this place.
 G = Mean time per level.
                   A        B        C        D        E       F      G
               +--------+--------+--------+--------+--------+-----+--------+
         Total |   1417 |   1403 |     14 |     22 |    956 |   2 |  708.5 |
       Dungeon |   1417 |   1403 |     14 |     22 |    956 |   2 |  708.5 |
               +--------+--------+--------+--------+--------+-----+--------+

Top non-repeatable levels by time:
     D:1: 916 daAuts
     D:2: 501 daAuts
